 Dungeon Crawl Stone Soup version 0.21-a0-531-gacddea6 (webtiles) character file.

386 KristoblXynda the Ruffian (level 6, -10/59 HPs)
             Began as a Troll Monk on Dec 12, 2017.
             Mangled by Daviar's ghost (19 damage)
             ... on level 3 of the Dungeon.
             The game lasted 00:04:48 (1767 turns).

KristoblXynda the Ruffian (Troll Monk)              Turns: 1767, Time: 00:04:49

Health: -10/59     AC:  6    Str: 20    XL:     6   Next: 48%
Magic:  5/5        EV: 11    Int:  8    God:
Gold:   81         SH:  0    Dex: 12    Spells: 5/5 levels left

rFire    . . .     SeeInvis .     - Unarmed
rCold    . . .     Gourm    +   (no shield)
rNeg     . . .     Faith    .   a - +0 robe
rPois    .         Spirit   .   (helmet restricted)
rElec    .         Reflect  .   f - +0 cloak
rCorr    .         Harm     .   (gloves unavailable)
MR       .....                  (boots unavailable)
Stlth    ++........             (no amulet)
HPRegen  0.59/turn              (no ring)
MPRegen  0.09/turn              (no ring)

@: drained
A: large, unfitting armour, claws 3, fast metabolism 3, gourmand, regeneration
1, shaggy fur 1, tough skin 2
a: no special abilities


You were on level 3 of the Dungeon.
You were very full.

You visited 1 branch of the dungeon, and saw 3 of its levels.

You collected 81 gold pieces.

Inventory:

Armour
 a - a +0 robe (worn)
 f - a +0 cloak (worn)
Jewellery
 o - an uncursed ring of protection from cold {unknown}
Wands
 m - a wand of flame (14)
Scrolls
 c - a scroll of random uselessness {unknown}
 e - a scroll of magic mapping
Potions
 d - a potion of degeneration {unknown}
 g - a potion of flight {unknown}
 i - a potion of magic {unknown}
 j - 2 potions of heal wounds {unknown}
 k - a potion of agility {unknown}
 l - a potion of haste {unknown}
 p - a potion of curing {unknown}
 q - a potion of lignification {unknown}
Comestibles
 b - 3 bread rations
 h - a meat ration
 n - a chunk of flesh


   Skills:
 - Level 2.4(2.3) Fighting
 + Level 4.6(4.5) Dodging
 - Level 1.0(0.9) Stealth
 + Level 5.6(5.5) Unarmed Combat


You had 5 spell levels left.
You didn't know any spells.

Dungeon Overview and Level Annotations

Branches:
Dungeon (3/15)

Altars:
Cheibriados

Annotations:
D:3 Daviar's ghost, amateur HOFi


Innate Abilities, Weirdness & Mutations

You are too large for most types of armour.
You have claws for hands.
Your metabolism is lightning-fast.
You like to eat raw meat.
Your natural rate of healing is unusually fast.
You are covered in fur. (AC +1)
You have very tough skin. (AC +2)


Message History

Found a snail-covered altar of Cheibriados.
Found a stone staircase leading up.
A kobold comes into view.
You see here 21 sling bullets.
You claw Daviar's ghost!
Daviar's ghost is lightly damaged.
Daviar's ghost hits you!!
You claw Daviar's ghost!
Daviar's ghost is heavily damaged.
Daviar's ghost hits you!!
* * * LOW HITPOINT WARNING * * *
You scratch Daviar's ghost but do no damage.
Daviar's ghost is heavily damaged.
Daviar's ghost hits you.
* * * LOW HITPOINT WARNING * * *
You scratch Daviar's ghost.
Daviar's ghost is severely damaged.
Daviar's ghost lets out a mournful wail.
Daviar's ghost hits you!!
You die...

.......))$...######....
..###..................
#......#......####......
#........ogg...........#
...#######†######.......
#.. #b# .......## #.##
#?# ....... #...###g#
...... #.@Wlo# #...
####.S# ...... .........
#.......#.. ...###..# .
..#. .... #<... .K._


You could see Daviar's ghost, a gnoll, an adder, an orc and a frilled lizard.

Vanquished Creatures
  Sigmund (D:2)
  An ice beast (D:2)
  Crazy Yiuf (D:2)
  A gnoll (D:3)
  An adder (D:2)
  An ooze (D:1)
  3 worms
  3 dart slugs (D:1)
  3 leopard geckos
  2 orcs (D:3)
  2 ball pythons
  8 goblins
  10 hobgoblins
  15 jackals
  5 kobolds
  A quokka (D:2)
  7 bats
  6 frilled lizards
  6 rats
77 creatures vanquished.

Notes
Turn   | Place    | Note
-------+----------+-------------------------------------------
     0 | D:1      | KristoblXynda the Troll Monk began the quest for the Orb.
     0 | D:1      | Reached XP level 1. HP: 22/22 MP: 0/0
   116 | D:1      | Reached XP level 2. HP: 29/29 MP: 1/1
   303 | D:1      | Reached XP level 3. HP: 30/36 MP: 2/2
   780 | D:2      | Reached skill level 4 in Unarmed Combat
   914 | D:2      | Noticed an ice beast
   941 | D:2      | Reached XP level 4. HP: 44/44 MP: 3/3
  1042 | D:2      | Found a runed door.
  1137 | D:2      | Noticed Sigmund
  1297 | D:2      | Killed Sigmund
  1297 | D:2      | Reached skill level 5 in Unarmed Combat
  1297 | D:2      | Reached XP level 5. HP: 38/50 MP: 4/4
  1307 | D:2      | Killed an ice beast
  1307 | D:2      | Reached XP level 6. HP: 39/59 MP: 5/5
  1575 | D:2      | Noticed Crazy Yiuf
  1582 | D:2      | Killed Crazy Yiuf
  1758 | D:3      | Noticed Daviar's ghost (amateur HOFi)
  1761 | D:3      | Found a snail-covered altar of Cheibriados.
  1767 | D:3      | Mangled by Daviar's ghost

Vault maps used:
D:1:      mrwooster_arrival_statue, serial_forest, infiniplex_forest_clump_tiny,
          infiniplex_forest_end_3, infiniplex_forest_lined_corner,
          infiniplex_forest_clump_small, infiniplex_forest_straight_2,
          infiniplex_forest_end_1
D:2:      uniq_crazy_yiuf_cottage, uniq_sigmund
D:3:      grunt_temple_overflow_open, minmay_cupped

Skill      XL: |  1  2  3  4 |
---------------+-------------+-----
Dodging        | 3 4 |  4.6
Unarmed Combat | 4 5 |  5.6
Fighting       | |  2.4
Stealth        | |  1.0

Action                   |  1- 3 |  4- 6 || total
-------------------------+-------+-------++-------
Melee: Unarmed           |   115 |    86 ||   201
       Punch             |       |     2 ||     2
  Use: Scroll            |       |     4 ||     4
 Stab: Sleeping          |     2 |       ||     2
       Invisible         |       |     1 ||     1
  Eat: Chunk             |    14 |     7 ||    21
Armor: Robe              |    33 |    33 ||    66
Dodge: Dodged            |    61 |    63 ||   124

Table legend:
 A = Spawn XP
 B = Non-spawn XP
 C = Spawn XP percentage of total XP
 D = Spawn monster count
 E = Non-spawn monster count
 F = Spawn count percentage of total count
 G = Total turns spent on level
                    A         B        C        D         E        F      G
               +---------+---------+-------+---------+---------+-------+---------
         Total |       0 |     552 |   0.0 |       0 |      77 |   0.0 |  1767
               +---------+---------+-------+---------+---------+-------+---------
           D:1 |       0 |      80 |   0.0 |       0 |      40 |   0.0 |   744
           D:2 |       0 |     425 |   0.0 |       0 |      22 |   0.0 |   918
           D:3 |       0 |      47 |   0.0 |       0 |      15 |   0.0 |   105
               +---------+---------+-------+---------+---------+-------+---------
